 Dungeon Crawl Stone Soup version 0.19-GnollCrawlA-1-g03664ee (webtiles) character file.

258 bananaken the Ducker (level 1, -2/16 HPs)
             Began as a Spriggan Berserker on Feb 8, 2017.
             Was a Believer of Trog.
             Slain by a gnoll
             ... wielding a +0 halberd
              (8 damage)
             ... on level 2 of the Dungeon.
             The game lasted 00:10:11 (2458 turns).

bananaken the Ducker (Spriggan Berserker)           Turns: 2458, Time: 00:10:12

Health: -2/16      AC:  3    Str: 18    XL:     1   Next: 0%
Magic:  2/2        EV: 19    Int:  8    God:    Trog [**....]
Gold:   134        SH:  0    Dex: 15    Spells: 0 memorised, 0 levels left

rFire  . . .     SeeInvis +     a - +0 spear
rCold  . . .     Gourm    .     b - +1 animal skin
rNeg   + . .     Faith    .     (shield currently unavailable)
rPois  .         Spirit   .     (helmet restricted)
rElec  .         Dismiss  .     (no cloak)
rCorr  .         Reflect  .     (gloves unavailable)
SustAt .         Harm     .     (boots unavailable)
MR     .....                    (no amulet)
Stlth  ..........               (no ring)
                                k - ring of positive energy

@: berserking (expiring), very quick
A: unfitting armour, see invisible, herbivore 3, speed 3, slow metabolism 2
a: Berserk, Trog's Hand, Burn Spellbooks, Renounce Religion


You were on level 2 of the Dungeon.
You worshipped Trog.
Trog was pleased with you.
You were not hungry.

You visited 1 branch of the dungeon, and saw 2 of its levels.

You collected 134 gold pieces.

Inventory:

Hand Weapons
 a - a +0 spear (weapon)
Missiles
 m - 3 tomahawks (quivered)
Armour
 b - a +1 animal skin (worn)
Jewellery
 k - a ring of positive energy (left hand)
Scrolls
 g - 2 scrolls of amnesia
 h - a scroll of teleportation {unknown}
 j - a scroll of remove curse {unknown}
 l - a scroll of fear {unknown}
Potions
 d - a potion of cure mutation {unknown}
 e - a potion of curing {unknown}
 f - a potion of invisibility {unknown}
Comestibles
 c - a bread ration
 i - 3 royal jellies


   Skills:
 + Level 2.4 Fighting
 + Level 2.1 Polearms
 + Level 4.4 Dodging


You couldn't memorise any spells.
You didn't know any spells.

Dungeon Overview and Level Annotations

Branches:
Dungeon (2/15)             Temple (0/1) D:1

Altars:

Annotations:
D:1 exclusion: door


Innate Abilities, Weirdness & Mutations

You are tiny and cannot use many weapons and most armour.
You have supernaturally acute eyesight. (SInv)
You are a herbivore.
You cover ground extremely quickly.
You need consume almost no food.


Message History

Press: ? - help, Dir - move target cursor, f/p - gnoll
Aim: a gnoll, wielding a halberd (moderately wounded)
You reach to attack!
You hit the gnoll.
The gnoll is severely wounded.
The gnoll completely misses you.
Attack whom?
Press: ? - help, Dir - move target cursor, f/p - gnoll
Aim: a gnoll, wielding a halberd (severely wounded)
You reach to attack!
You hit the gnoll.
The gnoll is severely wounded.
You feel a strong urge to attack something.
You are too berserk!
Attack whom?
Press: ? - help, Dir - move target cursor, f/p - gnoll
Aim: a gnoll, wielding a halberd (severely wounded)
You reach to attack!
You closely miss the gnoll.
The gnoll is severely wounded.
The gnoll hits you from afar with a halberd!
Ouch! That really hurt!
You die...

)##..#.##.##...........
.##....##.##.####.##.##
.............# #.##(#
..###..##.##.# #.##.#
...##..##.##.####.##.####
...##.............##.##.##
...##.####...####....#.#.##
..###.#
#............###.######.
......#
#...##.@......#.........
...#..#
######.#.#####.##..####.
...#.)# #.#g# #.##..#
...#..# #)#.# # #.##..# ≈
#..#.<# #.#.# .%..##..###≈≈
...#..# #.#.# #........♣
#.....#########.#(#
#.##..##≈)≈
#..#..............#
#...#..# ♣≈P
#..############.###
#...#..# ♣♣


You could see a gnoll.

Vanquished Creatures
  26 gnolls
26 creatures vanquished.

Notes
Turn   | Place    | Note
-------+----------+-------------------------------------------
     0 | D:1      | bananaken the Spriggan Berserker began the quest for the Orb.
     0 | D:1      | Reached XP level 1. HP: 11/11 MP: 2/2
  1226 | D:1      | Found a staircase to the Ecumenical Temple.
  2053 | D:2      | Reached ** piety under Trog
  2458 | D:2      | Slain by a gnoll

Action                   || total
-------------------------++-------
Melee: Spear             ||   200
Throw: Tomahawk          ||     1
Invok: Berserk           ||    12
  Use: Scroll            ||     4
 Stab: Sleeping          ||     3
Dodge: Dodged            ||    25
